 Dungeon Crawl Stone Soup version 0.29.1-1-gd02db6906a (webtiles) character file.

Game seed: 12715102259072136818

249 Demigod47 the Trooper (level 5, -11/42 HPs)
             Began as a Demonspawn Abyssal Knight on Oct 10, 2022.
             Was a Priest of Lugonu.
             Mangled by an ogre
             ... wielding a +0 giant club
              (26 damage)
             ... on level 4 of the Dungeon.
             The game lasted 00:06:09 (2547 turns).

Demigod47 the Trooper (Demonspawn Abyssal Knight)   Turns: 2547, Time: 00:06:09

Health: -11/42     AC:  7    Str: 19    XL:     5   Next: 86%
Magic:  7/7        EV: 10    Int:  9    God:    Lugonu [***...]
Gold:   86         SH:  4    Dex: 11    Spells: 4/4 levels left

rFire   . . .      SeeInvis +   p - +3 long sword "Tanku" {drain, rCorr Str+6 Int-2 Dex-5}
rCold   . . .      Faith    .   (no shield)
rNeg    . . .      Spirit   .   m - +2 ring mail {Will+}
rPois   +          Reflect  .   (no helmet)
rElec   .          Harm     .   (no cloak)
rCorr   +          Rampage  .   (no gloves)
Will    +....                   (no boots)
Stlth   +.........              (no amulet)
HPRegen 0.14/turn               h - ring of see invisible
MPRegen 0.10/turn               g - ring of poison resistance

@: no status effects
A: hooves 1, powered by death 1, condensation shield
a: Renounce Religion, Depart the Abyss, Bend Space, Banish


You were on level 4 of the Dungeon.
You worshipped Lugonu.
Lugonu was most pleased with you.
You visited 1 branch of the dungeon, and saw 4 of its levels.
You visited the Abyss 1 time.

You collected 86 gold pieces.

Inventory:

Hand Weapons
 a - a +1 short sword
 d - a +1 dagger of speed
 p - the +3 long sword "Tanku" (weapon) {drain, rCorr Str+6 Int-2 Dex-5}
   (You found it on level 3 of the Dungeon)

   A truly terrible weapon, it drains the life of any living foe it strikes.
   Str:       It affects your strength (+6).
   Int:       It affects your intelligence (-2).
   Dex:       It affects your dexterity (-5).
   rCorr:     It protects you from acid and corrosion.
Missiles
 x - 2 silver boomerangs
Armour
 b - a +0 leather armour
 f - a +0 chain mail
 m - a +2 ring mail of willpower (worn)
Jewellery
 g - a ring of poison resistance (right hand)
 h - a ring of see invisible (left hand)
 n - a ring of magical power
Scrolls
 e - a scroll of poison
 i - a scroll of enchant weapon {unknown}
 j - a scroll of acquirement {unknown}
 o - a scroll of magic mapping {unknown}
 q - a scroll of identify
 r - a scroll of noise {unknown}
 u - a scroll of blinking {unknown}
 v - 2 scrolls of enchant armour {unknown}
Potions
 c - 4 potions of heal wounds
 k - 3 potions of might
 l - a potion of ambrosia {unknown}
 s - a potion of cancellation {unknown}
 t - a potion of mutation {unknown}
 w - a potion of lignification {unknown}
 z - a potion of flight {unknown}


   Skills:
 + Level 4.2 Fighting
 - Level 2.2(3.0) Short Blades
 * Level 3.1(3.5) Long Blades
 + Level 2.9 Armour
 + Level 1.1 Dodging
 + Level 0.4 Stealth
 + Level 0.1 Shields
 + Level 2.7 Invocations


You had 4 spell levels left.
You didn't know any spells.
Your spell library contained the following spells:

 Spells                   Type           Power      Damage    Failure   Level
 Gell's Gravitas          Tloc           0%         N/A       90%         3
 Teleport Other           Tloc           0%         N/A       90%         3
 Dispersal                Tloc           0%         N/A       100%        6


Dungeon Overview and Level Annotations

Branches:
Dungeon (4/15)             Temple (0/1) D:4

Altars:
Wu Jian


Innate Abilities, Weirdness & Mutations

You have large cloven feet.
You regenerate a little health from kills.
A meltable shield of frost defends you. (SH +4)


Message History

You miss the adder. Your kick misses the adder.
The adder is heavily wounded.
The adder bites you but does no damage. The dart slug closely misses you.
You closely miss the adder.
The adder is heavily wounded.
The adder bites you but does no damage. The dart slug launches a dart at you.
The slug dart hits you. The adder bites you but does no damage.
You slash the adder!
You kill the adder!
Lugonu accepts your kill. The dart slug launches a dart at you.
The slug dart hits you.
You barely miss the dart slug. You kick the dart slug.
The dart slug is heavily wounded.
You hit the dart slug. You drain the dart slug.
You kill the dart slug!
Lugonu accepts your kill.
You see here a dart slug corpse.
Found a stone staircase leading down.
You hear the brisk rusting of a drain nearby.
There is a stone staircase leading down here.
A ball python comes into view.
The ball python hisses angrily.
You slash the ball python!
You kill the ball python!
Lugonu accepts your kill.
You hear the brisk rusting of a very distant drain.
Found a hand axe.
An ogre comes into view. It is wielding a +0 giant club.
The ogre shouts!
You hear an angry hiss. x2
An adder comes into view.
The adder hisses angrily.
The ogre hits you with a +0 giant club!
An adder comes into view.
The ogre attacks as you move away! The ogre hits you with a +0 giant club!
The ogre attacks as you move away!
The ogre hits you with a +0 giant club!!
Ouch! That really hurt!
You die...

####........)....
.....# #.....#
#.##.# #.# #.##.#
#.# #.##.#### #S#
#.# #.......# #.#
..# #.#####.# #S#
### #.# #.###O#
#.# #...@.#
#######.# #.#####
........#####.#
#######.......#
#########


You could see an ogre and 2 adders.

Vanquished Creatures
  A jelly (D:4)
  3 orc priests
  An orc wizard (D:4)
  2 adders (D:4)
  An ufetubus (D:4)
  2 dart slugs
  12 orcs
  6 ball pythons
  5 endoplasms
  8 goblins
  5 hobgoblins
  4 kobolds
  2 quokkas
  3 bats (D:1)
  4 frilled lizards
  6 rats
65 creatures vanquished.

Notes
Turn   | Place    | Note
-------+----------+-------------------------------------------
     0 | Abyss:1  | Demigod47 the Demonspawn Abyssal Knight began the quest for
                  | the Orb.
     0 | Abyss:1  | Reached XP level 1. HP: 18/18 MP: 2/2
     1 | D:1      | Escaped the Abyss
   334 | D:1      | Gained mutation: You have large cloven feet. [demonic
                  | ancestry]
   334 | D:1      | Reached XP level 2. HP: 24/24 MP: 3/3
   345 | D:1      | Found a faded altar of an unknown god.
  1369 | D:3      | Gained mutation: A meltable shield of frost defends you.
                  | (SH +4) [demonic ancestry]
  1369 | D:3      | Reached XP level 3. HP: 23/29 MP: 5/5
  1491 | D:3      | Identified the +3 long sword "Tanku" {drain, rCorr Str+6
                  | Int-2 Dex-5}
  1555 | D:3      | Reached skill level 1 in Long Blades
  1555 | D:3      | Reached skill level 1 in Dodging
  1685 | D:3      | Gained mutation: You regenerate a little health from kills.
                  | [demonic ancestry]
  1685 | D:3      | Reached XP level 4. HP: 21/37 MP: 6/6
  1900 | D:3      | Reached *** piety under Lugonu
  2225 | D:4      | Reached skill level 4 in Fighting
  2225 | D:4      | Reached XP level 5. HP: 39/42 MP: 7/7
  2361 | D:4      | Found an ornate altar of the Wu Jian Council.
  2409 | D:4      | Found a staircase to the Ecumenical Temple.
  2538 | D:4      | Noticed an ogre
  2547 | D:4      | Mangled by an ogre

Illustrated notes

Levels and vault maps discovered:
D:1:      dpeg_arrival_tiny_h, layout_basic,
          hellmonk_ecumenical_altar_arch_garden, grunt_decor_resistance,
          kennysheep_small_spiral, minmay_3d_cube
D:2:      layout_basic, uniq_natasha, uniq_terence
D:3:      layout_rooms, mrwooster_statue_mirror, kennysheep_cluttered_room
D:4:      layout_loops_ring, tso_metal_star, nicolae_wu_jian_wuxing_cycle,
          dancing_weapons_uskayaw, minmay_temple_entry_glassed_door,
          portal_sewer_entry_b

Skill      XL: |  1  2  3  4  5 |
---------------+----------------+-----
Short Blades   | 2 |  2.2
Armour         | 2 |  2.9
Long Blades    | 1 3 |  3.1
Dodging        | 1 |  1.1
Fighting       | 4 |  4.2
Stealth        | |  0.4
Shields        | |  0.1
Invocations    | |  2.7

Action                   |  1- 3 |  4- 6 || total
-------------------------+-------+-------++-------
Melee: Dagger            |    67 |       ||    67
       Short sword       |     3 |       ||     3
       Kick              |    16 |    18 ||    34
       Punch             |     1 |       ||     1
       Long sword        |    13 |    73 ||    86
  Use: Scroll            |       |     3 ||     3
Armor: Leather armour    |     9 |       ||     9
       Chain mail        |    15 |       ||    15
       Ring mail         |     7 |    28 ||    35
Dodge: Dodged            |    27 |    44 ||    71
Block: Other             |     2 |    10 ||    12
